 Dungeon Crawl Stone Soup version 0.31.0-11-ge490571c62 (webtiles) character file.

Game seed: 10758992468850051632

55 Gadfly the Insei (level 3, -3/43 HPs)
             Began as a Demonspawn Monk on Feb 3, 2024.
             Slain by Crazy Yiuf
             ... wielding a +3 quarterstaff of chaos
              (7 damage)
             ... while paralysed by Crazy Yiuf
             ... on level 2 of the Dungeon.
             The game lasted 00:01:31 (1803 turns).

Gadfly the Insei (Demonspawn Monk)                  Turns: 1803, Time: 00:01:31

Health: -3/43      AC:  8    Str: 13    XL:     3   Next: 67%
Magic:  3/3        EV:  2    Int: 10    God:
Gold:   132        SH:  0    Dex: 15    Spells: 2/2 levels left

rFire   . .          .
                       - Unarmed
rCold   . . .        c - orb {light}
rNeg    . . .        f - +0 robe
rPois   .            (no helmet)
rElec   .            (no cloak)
rCorr   .            (no gloves)
SInv    .            (no boots)
Will    .....        l - amulet of regeneration Stlth
                     (no ring)
HPRegen 1.07/turn    (no ring)
MPRegen 0.08/turn

%: no passive effects
@: paralysed, berserking, sanguine armoured, glowing
A: sanguine armour 1, condensation shield
a: no special abilities


You were on level 2 of the Dungeon.
You visited 1 branch of the dungeon, and saw 2 of its levels.

You collected 132 gold pieces.

Inventory:

Missiles
 g - a throwing net (quivered)
Armour
 c - an orb of light (worn)
 f - a +0 robe (worn)
Jewellery
 l - an amulet of regeneration (around neck)
Talismans
 h - a blade talisman
 j - a serpent talisman
Scrolls
 e - a scroll of poison
Potions
 a - a potion of mutation
 k - a potion of heal wounds {unknown}


   Skills:
 - Level 3.0 Fighting
 + Level 2.9 Dodging
 * Level 3.2 Unarmed Combat
 * Level 1.5 Evocations
 * Level 1.3 Shapeshifting


You had 2 spell levels left.
You didn't know any spells.
Your spell library contained the following spells:

 Spells                   Type           Power      Damage    Failure   Level
 Fugue of the Fallen      Necr           0%         N/A       75%         3
 Ozocubu's Armour         Ice            0%         N/A       75%         3
 Manifold Assault         Tloc           0%         N/A       98%         4


Dungeon Overview and Level Annotations

Branches:
Dungeon (2/15)

Altars:

Annotations:
D:2 Crazy Yiuf


Innate Abilities, Weirdness & Mutations

When seriously injured, your blood forms armour. (AC +6)
A meltable shield of frost defends you. (SH +0)


Message History

Crazy Yiuf is moderately wounded.
Crazy Yiuf hits you with a +3 quarterstaff of chaos!
* * * LOW HITPOINT WARNING * * *
You are confused.
You feel invigorated. Crazy Yiuf closely misses you.
Crazy Yiuf says, "Cod down toodlewoodle!"
You feel less invigorated.
You feel less confused.
Crazy Yiuf whimpers, "Trifle snockshim verde!"
Crazy Yiuf attacks as he pursues you! Crazy Yiuf barely misses you.
You completely miss Crazy Yiuf.
Crazy Yiuf is moderately wounded.
Crazy Yiuf hits you but does no damage.
You hit Crazy Yiuf but do no damage.
Crazy Yiuf is moderately wounded.
Crazy Yiuf closely misses you.
You hit Crazy Yiuf.
Crazy Yiuf is heavily wounded.
Crazy Yiuf closely misses you.
You completely miss Crazy Yiuf.
Crazy Yiuf is heavily wounded.
Crazy Yiuf screams, "Snurf sing tortoise!"
Crazy Yiuf hits you with a +3 quarterstaff of chaos!
Crazy Yiuf burns you.
* * * LOW HITPOINT WARNING * * *
You hit Crazy Yiuf but do no damage.
Crazy Yiuf is heavily wounded.
Unknown command.
It was a potion of berserk rage.
A red film seems to cover your vision as you go berserk!
You feel yourself moving faster!
You feel mighty! Crazy Yiuf barely misses you.
You are too berserk!
Unknown command.
You hit Crazy Yiuf.
Crazy Yiuf is heavily wounded.
Crazy Yiuf hits you with a +3 quarterstaff of chaos.
* * * LOW HITPOINT WARNING * * *
You suddenly lose the ability to move!
Crazy Yiuf hits you with a +3 quarterstaff of chaos!
You die...

#########.# #.#
#.... #.# ##### #.#
#.... #.# #)..#
##.########.. ######
#.# #...#
#..>......#.. ..[..#
#.# ...
#.###.###.### ####.#
#.# #'# #.# #.# #.#
#.####.# #.## #.#
#.# #.# #......#
##g# #.# #.# #.#
#.###### #@## #.#
#.# #.# #.######
##.# #.# #.# #.###
#......# ##.##
#.###.# #....
####.###### ##...#
#.....# #####
.....###### #....#
####### ##..
..........# ##..##
##########...
###########
#....###............
#...#..).########...
##....#### ####


You could see Crazy Yiuf.

Vanquished Creatures
  Jessica (D:2)
  A ribbon worm (D:2)
  2 endoplasms
  2 giant cockroaches (D:1)
  5 goblins
  2 hobgoblins
  2 kobolds (D:1)
  A quokka (D:2)
  2 ball pythons
  2 bats (D:1)
  A frilled lizard (D:1)
  3 rats (D:1)
24 creatures vanquished.

Notes
Turn   | Place    | Note
-------+----------+-------------------------------------------
     0 | D:1      | Gadfly the Demonspawn Monk began the quest for the Orb.
     0 | D:1      | Reached XP level 1. HP: 18/18 MP: 1/1
   200 | D:1      | Gained mutation: When seriously injured, your blood forms
                  | armour. (AC +6) [demonic ancestry]
   200 | D:1      | Reached XP level 2. HP: 24/24 MP: 2/2
   513 | D:1      | Reached skill level 1 in Shapeshifting
   978 | D:2      | Reached skill level 1 in Evocations
  1110 | D:2      | Noticed Jessica
  1117 | D:2      | Killed Jessica
  1118 | D:2      | Gained mutation: A meltable shield of frost defends you.
                  | (SH +0) [demonic ancestry]
  1118 | D:2      | Reached XP level 3. HP: 23/29 MP: 3/3
  1397 | D:2      | Found a runed translucent door.
  1398 | D:2      | Noticed Crazy Yiuf
  1792 | D:2      | HP: 1/29 [Crazy Yiuf/+3 quarterstaff of chaos (10)]
  1802 | D:2      | Paralysed by Crazy Yiuf for 1 turns
  1803 | D:2      | Slain by Crazy Yiuf

Illustrated notes

Levels and vault maps discovered:
D:1:      minmay_arrival_jagged, layout_loops_ring
D:2:      layout_loops_ring, uniq_jessica, uniq_crazy_yiuf_cottage

Skill      XL: |  1  2 |
---------------+-------+-----
Shapeshifting  | 1 |  1.3
Evocations     | 1 |  1.5
Unarmed Combat | 3 |  3.2
Fighting       | |  3.0
Dodging        | |  2.9

Action                     || total
---------------------------++-------
  Melee: Unarmed           ||    79
    Use: Scroll            ||     4
         Potion            ||     2
 Armour: Robe              ||    43
  Dodge: Dodged            ||    45
